 Dungeon Crawl Stone Soup version 0.25-a0-488-g03579ab4a3 (webtiles) character file.

Game seed: 742688227296239487, levelgen mode: deterministic

231 Error4North the Shield-Bearer (level 6, -2/53 HPs)
             Began as a Hill Orc Fighter on Feb 10, 2020.
             Killed by divine providence
             ... invoked by an orc priest
              (11 damage)
             ... on level 4 of the Dungeon.
             The game lasted 00:08:38 (3448 turns).

Error4North the Shield-Bearer (Hill Orc Fighter)    Turns: 3448, Time: 00:08:38

Health: -2/53      AC: 13    Str: 21    XL:     6   Next: 3%
Magic:  6/6        EV: 11    Int:  8    God:
Gold:   129        SH: 10    Dex: 15    Spells: 5/5 levels left

rFire    . . .     SeeInvis .   a - +0 war axe
rCold    + . .     Gourm    .   c - +0 kite shield
rNeg     . . .     Faith    .   q - +0 chain mail
rPois    .         Spirit   .   o - +1 helmet
rElec    .         Reflect  .   (no cloak)
rCorr    .         Harm     .   h - +0 pair of gloves
MR       .....                  (no boots)
Stlth    ..........             (no amulet)
HPRegen  0.17/turn              b - ring of protection from cold
MPRegen  0.10/turn              (no ring)

@: agile
A: no striking features
a: Convert to Beogh


You were on level 4 of the Dungeon.
You were not hungry.

You visited 1 branch of the dungeon, and saw 4 of its levels.

You collected 129 gold pieces.

Inventory:

Hand Weapons
 a - a +0 war axe (weapon)
Missiles
 r - 15 boomerangs (quivered)
Armour
 c - a +0 kite shield (worn)
 h - a +0 pair of gloves (worn)
 o - a +1 helmet (worn)
 q - a +0 chain mail (worn)
Jewellery
 b - a ring of protection from cold (left hand)
 v - an uncursed amulet of the acrobat {unknown}
Wands
 w - a wand of acid (8)
Scrolls
 g - 6 scrolls of identify {unknown}
 i - 2 scrolls of amnesia {unknown}
 m - 2 scrolls of fear {unknown}
 p - a scroll of blinking {unknown}
 s - a scroll of magic mapping {unknown}
 x - a scroll of noise {unknown}
Potions
 d - a potion of might
 e - a potion of curing
 k - 2 potions of lignification {unknown}
 l - a potion of berserk rage {unknown}
 n - a potion of degeneration {unknown}
 t - a potion of brilliance {unknown}
 u - a potion of heal wounds {unknown}
Comestibles
 f - 8 rations


   Skills:
 + Level 4.5 Fighting
 + Level 4.6 Axes
 + Level 0.5 Throwing
 * Level 4.4 Armour
 + Level 0.3 Dodging
 * Level 4.8 Shields


You had 5 spell levels left.
You didn't know any spells.
Your spell library was empty.

Dungeon Overview and Level Annotations

Branches:
Dungeon (4/15)
 Temple: D:4-7

Altars:
Ashenzari
Elyvilon
Kikubaaqudgha
Makhleb
Qazlal
Ru
Trog
Xom


Message History

You kill the orc!
You block the orc's attack. The orc hits you but does no damage.
You block the orc priest's attack. You block the orc's attack.
You closely miss the orc. You hit the orc priest.
The orc priest shouts, "Beogh is our master!
Accept the truth or die!"
The orc hits you but does no damage. You block the orc priest's attack.
The orc priest invokes the aid of Beogh against you.
Beogh smites you!
* * * LOW HITPOINT WARNING * * *
The orc hits you but does no damage.
It was a potion of curing.
You feel better.
The orc hits you from afar with a +0 spear.
* * * LOW HITPOINT WARNING * * *
You block the orc priest's attack. The orc hits you but does no damage.
It was a potion of agility.
You feel agile all of a sudden. You block the orc's attack.
The orc priest barely misses you.
The orc priest mumbles some strange prayers to Beogh against you.
Beogh smites you!
You die...

....... .####.. ..
....... ..........#
....... ....... ..#
....... ...... ..#
.....# #..o. ..# ... #
.o. #.# . # #o##.###.#
# #o@.(....# #
#.#####.####### ####
#.............#####...
#........####.##>.....
.#.####..####.##.##.##
.. #.............##
#..####.##.##### ...#
#.##.# # ..... ..##..
.


You could see 2 orc priests and 2 orcs.

Vanquished Creatures
  Terence (D:2)
  A worker ant zombie (D:3)
  10 adders
  5 worms
  2 dart slugs
  A leopard gecko (D:1)
  6 orcs
  A bat zombie (D:2)
  5 giant cockroaches
  12 goblins
  5 hobgoblins
  2 jackals (D:3)
  8 kobolds
  2 quokkas
  4 ball pythons
  4 bats
  8 frilled lizards
  A jackal skeleton (D:4)
  9 rats
  A rat zombie (D:2)
88 creatures vanquished.

Notes
Turn   | Place    | Note
-------+----------+-------------------------------------------
     0 | D:1      | Error4North the Hill Orc Fighter began the quest for the
                  | Orb.
     0 | D:1      | Reached XP level 1. HP: 19/19 MP: 1/1
   284 | D:1      | Reached XP level 2. HP: 27/27 MP: 2/2
   946 | D:2      | Reached XP level 3. HP: 32/33 MP: 3/3
  1156 | D:2      | Reached XP level 4. HP: 40/40 MP: 4/4
  1577 | D:2      | Found a white marble altar of Elyvilon.
  1637 | D:2      | Found a bloodstained altar of Trog.
  1654 | D:2      | Found a shattered altar of Ashenzari.
  1654 | D:2      | Found a burning altar of Makhleb.
  1654 | D:2      | Found a sacrificial altar of Ru.
  1654 | D:2      | Found a shimmering altar of Xom.
  1656 | D:2      | Found a stormy altar of Qazlal.
  1798 | D:2      | Noticed Terence
  1809 | D:2      | Killed Terence
  1809 | D:2      | Reached XP level 5. HP: 43/46 MP: 5/5
  2140 | D:2      | Found an ancient bone altar of Kikubaaqudgha.
  3369 | D:4      | Reached XP level 6. HP: 53/53 MP: 6/6
  3446 | D:4      | HP: 1/53 [orc priest/divine providence (17)]
  3448 | D:4      | Killed from afar by an orc priest

Levels and vault maps discovered:
D:1:      nzn_arrival_depleted_hourglass, layout_loops_ring
D:2:      layout_basic, minitemple, lemuel_zombie_altar_kikubaaqudgha,
          first_ration, elyvilon_altar_5, uniq_terence
D:3:      layout_loops_corners, dk_noncrumbling_2, minmay_hedge_maze,
          minmay_pentomino_pile
D:4:      layout_loops_cross, uniq_robin

Skill      XL: |  1  2  3  4 |
---------------+-------------+-----
Axes           | 3 4 |  4.6
Fighting       | 4 |  4.5
Shields        | 4 |  4.8
Armour         | 4 |  4.4
Throwing       | |  0.5
Dodging        | |  0.3

Action                   |  1- 3 |  4- 6 || total
-------------------------+-------+-------++-------
Melee: War axe           |   113 |   231 ||   344
Throw: Boomerang         |       |    10 ||    10
  Use: Potion            |       |     2 ||     2
  Eat: Chunk             |     1 |     8 ||     9
Armor: Scale mail        |    68 |       ||    68
       Chain mail        |     1 |   129 ||   130
Dodge: Dodged            |    42 |    53 ||    95
Block: Kite shield       |    69 |   130 ||   199

Table legend:
 A = Non-vault XP
 B = Vault XP
 C = Vault XP percentage of total XP
 D = Non-vault monster count
 E = Vault monster count
 F = Vault count percentage of total count
                 A         B        C        D         E       F
            +---------+---------+-------+---------+---------+-------
      Total |     254 |      76 |  23.0 |      80 |       8 |   9.1
            +---------+---------+-------+---------+---------+-------
        D:1 |      33 |       0 |   0.0 |      22 |       0 |   0.0
        D:2 |     124 |      41 |  24.8 |      26 |       3 |  10.3
        D:3 |      80 |      35 |  30.4 |      25 |       5 |  16.7
        D:4 |      17 |       0 |   0.0 |       7 |       0 |   0.0
            +---------+---------+-------+---------+---------+-------
